 Dungeon Crawl Stone Soup version 0.25.0-1-g7eea58d2a3 (webtiles) character file.

Game seed: 10810442524207467900

513 gruber the Cruncher (level 7, 0/56 HPs)
             Began as a Minotaur Gladiator on June 14, 2020.
             Killed by nerve-wracking pain
             ... invoked by Grinder
              (9 damage)
             ... while paralysed by Grinder
             ... on level 4 of the Dungeon.
             The game lasted 00:03:24 (3337 turns).

gruber the Cruncher (Minotaur Gladiator)            Turns: 3337, Time: 00:03:24

Health: 0/56       AC:  7    Str: 20    XL:     7   Next: 0%
Magic:  6/6        EV:  2    Int: 11    God:
Gold:   134        SH:  0    Dex: 12    Spells: 6/6 levels left

rFire    . . .     SeeInvis .   a - +0 quarterstaff
rCold    . . .     Gourm    .   (shield currently unavailable)
rNeg     . . .     Faith    .   y - +0 troll leather armour {Purgy}
rPois    .         Spirit   .   c - +0 hat
rElec    .         Reflect  .   A - +1 cloak
rCorr    .         Harm     .   (no gloves)
MR       .....                  (no boots)
Stlth    +.........             (no amulet)
HPRegen  0.58/turn              o - +6 ring of intelligence
MPRegen  0.10/turn              u - ring of wizardry

@: paralysed, berserk cooldown, flying, slowed
A: retaliatory headbutt, horns 2
a: no special abilities


You were on level 4 of the Dungeon.
You were not hungry.

You visited 1 branch of the dungeon, and saw 4 of its levels.
You also visited: Sewer.

You collected 134 gold pieces.

Inventory:

Hand Weapons
 a - a +0 quarterstaff (weapon)
Missiles
 d - 3 throwing nets (quivered)
 j - 7 javelins
 B - 2 poisoned darts
Armour
 c - a +0 hat (worn)
 y - a +0 troll leather armour (worn) {Purgy}
 A - a +1 cloak (worn)
Jewellery
 o - a +6 ring of intelligence (left hand)
 u - a ring of wizardry (right hand)
 v - an uncursed ring of fire
Wands
 C - a wand of digging (3)
Scrolls
 b - a scroll of fear {unknown}
 g - a scroll of enchant weapon {unknown}
 h - 7 scrolls of identify {unknown}
 k - a scroll of blinking {unknown}
 l - a scroll of fog {unknown}
 m - 3 scrolls of remove curse {unknown}
 q - a scroll of magic mapping {unknown}
 z - 3 scrolls of teleportation {unknown}
Potions
 e - a potion of cancellation
 n - a potion of flight
 r - a potion of degeneration {unknown}
 s - a potion of might {unknown}
 t - a potion of stabbing {unknown}
 w - a potion of invisibility {unknown}
 x - a potion of heal wounds {unknown}
Comestibles
 f - 8 rations
 p - 10 chunks of flesh


   Skills:
 - Level 2.4 Fighting
 - Level 8.0 Staves
 - Level 2.0 Throwing
 * Level 5.0 Armour
 - Level 3.2 Dodging


You had 6 spell levels left.
You didn't know any spells.
Your spell library was empty.

Dungeon Overview and Level Annotations

Branches:
Dungeon (4/15)              Sewer (visited)
 Temple: D:4-7

Altars:
Makhleb
Sif Muna
Trog

Annotations:
D:4 Grinder


Innate Abilities, Weirdness & Mutations

You reflexively headbutt those who attack you in melee.
You have a pair of horns on your head.


Message History

Unknown command.
It was a potion of cancellation.
You feel magically purged.
Grinder blinks!
It was a potion of flight.
You feel very buoyant.
You fly up into the air.
Grinder blinks!
It was a potion of berserk rage.
A red film seems to cover your vision as you go berserk!
You feel yourself moving faster!
You feel mighty!
You feel a strong urge to attack something.
You feel your anger nearly subside. Grinder gestures at you.
You resist with significant effort.
You are no longer berserk.
You are exhausted.
You feel yourself slow down. Grinder gestures at you.
You suddenly lose the ability to move!
Grinder gestures at you. Pain shoots through your body!
You die...

........#.........
#.....(..(#.........
#.........#.8.8.8.8.
#.........#########.
#.........###.......
#.........#........#
#.5####....#.......
#..##...####.......
#.@...### #.......
#..#### ##.....#
##.# #....#. #.##
#.#.... #..# #.#.###
##.# #... #.###
#...#### ###....#


You could see Grinder.

Vanquished Creatures
  Purgy (Sewer)
  An ogre (D:4)
  A jelly (D:3)
  Ijyb (D:4)
  3 orc wizards
  6 adders
  A river rat (D:3)
  A shadow imp (D:4)
  2 oozes (D:3)
  2 worms
  5 dart slugs
  3 leopard geckos
  3 orcs
  A ball python (D:4)
  10 bats
  4 giant cockroaches
  15 goblins
  9 hobgoblins
  5 jackals
  10 kobolds
  4 quokkas
  5 frilled lizards
  A leopard gecko skeleton (D:4)
  11 rats
105 creatures vanquished.

Notes
Turn   | Place    | Note
-------+----------+-------------------------------------------
     0 | D:1      | gruber the Minotaur Gladiator began the quest for the Orb.
     0 | D:1      | Reached XP level 1. HP: 18/18 MP: 0/0
    61 | D:1      | Reached skill level 4 in Staves
   161 | D:1      | Reached XP level 2. HP: 23/25 MP: 1/1
   642 | D:1      | Reached skill level 5 in Staves
   709 | D:1      | Reached XP level 3. HP: 30/30 MP: 2/2
  1031 | D:2      | Found a bloodstained altar of Trog.
  1294 | D:2      | Reached skill level 6 in Staves
  1294 | D:2      | Reached XP level 4. HP: 28/37 MP: 3/3
  2070 | D:3      | Found a glowing drain.
  2097 | Sewer    | Entered a sewer
  2279 | Sewer    | Noticed Purgy
  2285 | Sewer    | Killed Purgy
  2285 | Sewer    | Reached skill level 7 in Staves
  2285 | Sewer    | Reached XP level 5. HP: 38/42 MP: 4/4
  2540 | D:3      | Reached skill level 8 in Staves
  2566 | D:3      | Reached skill level 1 in Armour
  2566 | D:3      | Reached XP level 6. HP: 43/50 MP: 5/5
  2915 | D:3      | Found a burning altar of Makhleb.
  2915 | D:3      | Found a shimmering blue altar of Sif Muna.
  3240 | D:4      | Noticed Ijyb
  3252 | D:4      | Killed Ijyb
  3312 | D:4      | Noticed Grinder
  3316 | D:4      | Reached skill level 5 in Armour
  3316 | D:4      | Reached XP level 7. HP: 31/56 MP: 6/6
  3336 | D:4      | Paralysed by Grinder for 3 turns
  3337 | D:4      | Killed from afar by Grinder

Illustrated notes

Levels and vault maps discovered:
D:1:      roderic_crop_circles_arrival_large, layout_loops_cross, minmay_vboxes
D:2:      layout_basic, grunt_decor_mini_mirrors, trog_butcher_becter
D:3:      layout_loops_ring, gammafunk_temple_overflow_statue,
          gup_sewer_entry_bubbles
D:4:      kennysheep_the_goblin_king, layout_rooms,
          nicolae_overflow_hidden_temple, serial_shops, shop, uniq_grinder,
          uniq_crazy_yiuf_cottage

Skill      XL: |  1  2  3  4  5  6 |
---------------+-------------------+-----
Staves         | 4 5 6 7 8 |  8.0
Armour         | 1 5 |  5.0
Fighting       | |  2.4
Throwing       | |  2.0
Dodging        | |  3.2

Action                   |  1- 3 |  4- 6 |  7- 9 || total
-------------------------+-------+-------+-------++-------
Melee: Quarterstaff      |    68 |   158 |     7 ||   233
       Headbutt          |    11 |    16 |     1 ||    28
  Use: Potion            |       |       |     3 ||     3
  Eat: Chunk             |     1 |     7 |       ||     8
Armor: Leather armour    |    14 |    11 |       ||    25
       Troll leather arm |       |    14 |     2 ||    16
Dodge: Dodged            |    43 |   107 |     1 ||   151
